 Dungeon Crawl Stone Soup version 0.20.0-15-g7f486f2 (webtiles) character file.

281 vishdafish the Shield-Bearer (level 6, -3/48 HPs)
             Began as a Formicid Fighter on June 30, 2017.
             Slain by a gnoll
             ... wielding a cursed +0 club
              (5 damage)
             ... on level 4 of the Dungeon.
             The game lasted 00:03:36 (2646 turns).

vishdafish the Shield-Bearer (Formicid Fighter)     Turns: 2646, Time: 00:03:38

Health: -3/48      AC:  7    Str: 22    XL:     6   Next: 53%
Magic:  6/6        EV:  9    Int:  8    God:
Gold:   117        SH: 10    Dex: 10    Spells: 5/5 levels left

rFire    . . .     SeeInvis +   a - +0 war axe
rCold    . . .     Gourm    .   c - +0 shield
rNeg     . . .     Faith    .   b - +0 scale mail
rPois    .         Spirit   .   (helmet unavailable)
rElec    .         Reflect  .   (no cloak)
rCorr    .         Harm     .   (no gloves)
MR       .....                  (no boots)
Stlth    ..........             (no amulet)
Regen    0.2/turn               (no ring)
MPRegen  0.1/turn               (no ring)

@: no status effects
A: permanent stasis, dig shafts and tunnels, four strong arms, antennae 3
a: Dig, Shaft Self


You were on level 4 of the Dungeon.
You were not hungry.

You visited 1 branch of the dungeon, and saw 4 of its levels.

You collected 117 gold pieces.

Inventory:

Hand Weapons
 a - a +0 war axe (weapon)
Armour
 b - a +0 scale mail (worn)
 c - a +0 shield (worn)
 h - a +0 plate armour
Jewellery
 k - an uncursed amulet of magic regeneration {unknown}
Scrolls
 e - 2 scrolls of remove curse {unknown}
 j - a scroll of enchant weapon {unknown}
 l - a scroll of identify {unknown}
 m - 2 scrolls of fog {unknown}
Potions
 d - a potion of might
Comestibles
 f - 3 bread rations
 g - 3 royal jellies
 i - 2 fruits
 o - a meat ration


   Skills:
 + Level 4.2 Fighting
 * Level 3.6 Axes
 + Level 4.3 Armour
 + Level 1.4 Dodging
 * Level 5.3 Shields


You had 5 spell levels left.
You didn't know any spells.

Dungeon Overview and Level Annotations

Branches:
Dungeon (4/15)
 Temple: D:4-7

Altars:
Kikubaaqudgha


Innate Abilities, Weirdness & Mutations

You cannot be hasted, slowed, berserked, paralysed or teleported.
You can dig through walls and to a lower floor.
Your four strong arms can wield two-handed weapons with a shield.
You have a pair of large antennae on your head. (SInv)


Message History

You hit the shadow imp. You hit the orc but do no damage.
You closely miss the gnoll. The orc closely misses you. The gnoll misses you.
The shadow imp barely misses you. You block the gnoll's attack.
The orc hits you with a club.
* * * LOW HITPOINT WARNING * * *
You hit the gnoll but do no damage.
The gnoll is lightly wounded.
You hit the shadow imp. You hit the orc but do no damage.
You barely miss the gnoll. You block the gnoll's attack.
You block the shadow imp's attack. The gnoll hits you with a halberd.
* * * LOW HITPOINT WARNING * * *
You block the orc's attack. The shadow imp barely misses you.
The gnoll misses you.
It was a potion of haste.
Your stasis prevents you from being hasted.
The shadow imp hits you.
* * * LOW HITPOINT WARNING * * *
You block the orc's attack. You block the gnoll's attack.
The gnoll hits you with a club.
You die...

## ###
######.#..#
..........#
..........#
......g...#
......g@..#
......o.5.#
###########


You could see 2 gnolls, a shadow imp and an orc.

Vanquished Creatures
  The ghost of Hurtle the Insei, a weakling DsTm (D:3)
  2 centaur zombies (D:3)
  2 worker ant zombies (D:3)
  5 gnolls
  4 adders
  2 oozes
  2 worms
  2 leopard geckos
  4 giant cockroaches
  7 goblins
  5 hobgoblins
  3 jackals (D:1)
  A quokka (D:2)
  A ball python (D:1)
  A ball python skeleton (D:3)
  7 bats
  3 frilled lizards
  7 kobolds
  A quokka skeleton (D:3)
  7 rats
67 creatures vanquished.

Notes
Turn   | Place    | Note
-------+----------+-------------------------------------------
     0 | D:1      | vishdafish the Formicid Fighter began the quest for the Orb.
     0 | D:1      | Reached XP level 1. HP: 18/18 MP: 1/1
   126 | D:1      | Reached XP level 2. HP: 23/24 MP: 2/2
   219 | D:1      | Reached skill level 4 in Shields
   260 | D:1      | Reached XP level 3. HP: 23/29 MP: 3/3
   812 | D:2      | Reached XP level 4. HP: 26/36 MP: 4/4
  1075 | D:2      | Found an ancient bone altar of Kikubaaqudgha.
  1495 | D:2      | Reached XP level 5. HP: 39/42 MP: 5/5
  1635 | D:3      | Reached skill level 1 in Dodging
  1923 | D:3      | Noticed Hurtle's ghost (weakling DsTm)
  1932 | D:3      | Killed Hurtle's ghost
  1936 | D:3      | Reached skill level 5 in Shields
  1936 | D:3      | Reached XP level 6. HP: 21/48 MP: 6/6
  2646 | D:4      | HP: 2/48 [shadow imp (3)]
  2646 | D:4      | Slain by a gnoll

Skill      XL: |  1  2  3  4  5 |
---------------+----------------+-----
Shields        | 4 5 |  5.3
Armour         | 4 |  4.3
Axes           | 3 |  3.6
Dodging        | 1 |  1.4
Fighting       | 4 |  4.2

Action                   |  1- 3 |  4- 6 || total
-------------------------+-------+-------++-------
Melee: War axe           |   115 |   131 ||   246
  Use: Potion            |       |     1 ||     1
  Eat: Chunk             |       |     6 ||     6
Armor: Scale mail        |    66 |    64 ||   130
Dodge: Dodged            |    51 |    61 ||   112
Block: Shield            |    60 |   108 ||   168
